MID
CHARLESTON RIVERDOGS @ HICKORY CRAWDADS
09/11/2049
 
TOP OF THE 1ST
Charleston RiverDogs batting - Pitching for Hickory Crawdads : LHP Cooper Bate
Pitching: LHP Cooper Bate
Batting: LHB Ernesto Abreu 0-0: Ball
1-0: Fly out, F8 (Flyball, 8RXD, EV 106.9 MPH)
Batting: RHB Iften Olujimi 0-0: Ball
1-0: Ball
2-0: Called Strike
2-1: Ball
3-1: Ground out 6-3 (Groundball, 6, EV 89.4 MPH)
Batting: RHB Francisco Vargas 0-0: Ball
1-0: Called Strike
1-1: Ball
2-1: SINGLE (Groundball, 6S, EV 72.5 MPH) (infield hit)
Batting: SHB Tadaaki Kondo 0-0: Foul Ball, location: 2F
0-1: Ball
1-1: Ball
2-1: Called Strike
2-2: Ball
3-2: Strikes out looking
Top of the 1st over - 0 runs, 1 hit, 0 errors, 1 left on base; Charleston 0 - Hickory 0
BOTTOM OF THE 1ST
Hickory Crawdads batting - Pitching for Charleston RiverDogs : RHP Bobby McDonnell
Pitching: RHP Bobby McDonnell
Batting: RHB Aaron Moore 0-0: Ball
1-0: Called Strike
1-1: Called Strike
1-2: SOLO HOME RUN (Flyball, 8RXD, EV 114.4 MPH), Distance : 446 ft
Batting: RHB Danny Murillo 0-0: Called Strike
0-1: SINGLE (Line Drive, 4D, EV 96.2 MPH)
Batting: RHB Dermott Neill 0-0: Called Strike
Danny Murillo steals 2nd base (no throw)
0-1: Called Strike
0-2: Ground out 2-3 (Groundball, 15S, EV 70.0 MPH)
Danny Murillo to third
Batting: RHB Mike Thornton 0-0: Ball
1-0: Foul Ball, location: 2F
1-1: SINGLE (Groundball, 23, EV 67.5 MPH) (infield hit)
Batting: SHB Todd Hewitt 0-0: Called Strike
0-1: Ball
1-1: Reached on error, E3 (Groundball, 3, EV 85.6 MPH)
Danny Murillo scores
Mike Thornton to second
Batting: RHB Jorge Benites 0-0: Called Strike
0-1: Ball
1-1: Fly out, F5 (Line Drive, 5, EV 63.1 MPH)
Batting: RHB Aaron Graham 0-0: Foul Ball, location: 2F
0-1: Ball
1-1: Ball
2-1: Foul Ball, location: 2F
2-2: Foul Ball, location: 2F
2-2: Ground out 6-3 (Groundball, 4MS, EV 63.1 MPH)
Bottom of the 1st over - 2 runs, 3 hits, 1 error, 2 left on base; Charleston 0 - Hickory 2
TOP OF THE 2ND
Charleston RiverDogs batting - Pitching for Hickory Crawdads : LHP Cooper Bate
Batting: LHB Marc Durgin 0-0: Ball
1-0: Called Strike
1-1: Called Strike
1-2: Foul Ball, location: 2F
1-2: Strikes out swinging
Batting: RHB Jeff McClellan 0-0: Called Strike
0-1: Ball
1-1: Fly out, F4 (Popup, 4S, EV 60.0 MPH)
Batting: RHB Mike Zern 0-0: Swinging Strike
0-1: Ball
1-1: DOUBLE (Line Drive, 78M, EV 91.9 MPH)
Batting: RHB Bryan Massey 0-0: Called Strike
0-1: Fly out, F8 (Line Drive, 8LM, EV 107.5 MPH)
Top of the 2nd over - 0 runs, 1 hit, 0 errors, 1 left on base; Charleston 0 - Hickory 2
BOTTOM OF THE 2ND
Hickory Crawdads batting - Pitching for Charleston RiverDogs : RHP Bobby McDonnell
Batting: RHB Jose Pineda 0-0: SINGLE (Groundball, 6MD, EV 98.1 MPH)
Batting: RHB Darnell Jones 0-0: Called Strike
Pickoff Play to 1st, Runner tries for 2nd, OUT after rundown.
0-1: Called Strike
0-2: Strikes out looking
Batting: RHB Aaron Moore 0-0: Foul Ball, location: 2F
0-1: Called Strike
0-2: Fly out, F9 (Line Drive, 9S, EV 107.5 MPH)
Bottom of the 2nd over - 0 runs, 1 hit, 0 errors, 0 left on base; Charleston 0 - Hickory 2
TOP OF THE 3RD
Charleston RiverDogs batting - Pitching for Hickory Crawdads : LHP Cooper Bate
Batting: RHB Louwe Starmans 0-0: Called Strike
0-1: Fly out, F6 (Line Drive, 56D, EV 67.5 MPH)
Batting: LHB Ernesto Abreu 0-0: Foul Ball, location: 2F
0-1: Swinging Strike
0-2: Foul Ball, location: 2F
0-2: Fly out, F8 (Flyball, 8LM, EV 95.6 MPH)
Batting: RHB Iften Olujimi 0-0: Ball
1-0: Ball
2-0: Ball
3-0: Called Strike
3-1: Foul Ball, location: 2F
3-2: Foul Ball, location: 2F
3-2: DOUBLE (Line Drive, 7LD, EV 109.4 MPH)
Batting: RHB Francisco Vargas 0-0: SINGLE (Groundball, 4M, EV 96.2 MPH) (infield hit)
Iften Olujimi to third
Batting: SHB Tadaaki Kondo 0-0: Ball
1-0: Called Strike
1-1: Swinging Strike
1-2: Strikes out swinging
Top of the 3rd over - 0 runs, 2 hits, 0 errors, 2 left on base; Charleston 0 - Hickory 2
BOTTOM OF THE 3RD
Hickory Crawdads batting - Pitching for Charleston RiverDogs : RHP Bobby McDonnell
Batting: RHB Danny Murillo 0-0: Ball
1-0: Called Strike
1-1: Ball
2-1: Ball
3-1: Foul Ball, location: 2F
3-2: Foul Ball, location: 2F
3-2: SINGLE (Line Drive, 9LS, EV 104.4 MPH)
Batting: RHB Dermott Neill 0-0: Called Strike
0-1: Ball
1-1: Ball
2-1: Swinging Strike
2-2: Strikes out looking
Batting: RHB Mike Thornton 0-0: Called Strike
0-1: Ball
1-1: Called Strike
Danny Murillo steals 2nd base
1-2: Strikes out swinging
Batting: SHB Todd Hewitt 0-0: Ball
1-0: Ball
2-0: Ball
3-0: Base on Balls
Batting: RHB Jorge Benites 0-0: Foul Ball, location: 2F
0-1: Ball
1-1: Foul Ball, location: 2F
1-2: Foul Ball, location: 2F
1-2: Ball
2-2: Strikes out swinging
Bottom of the 3rd over - 0 runs, 1 hit, 0 errors, 2 left on base; Charleston 0 - Hickory 2
TOP OF THE 4TH
Charleston RiverDogs batting - Pitching for Hickory Crawdads : LHP Cooper Bate
Batting: LHB Marc Durgin 0-0: Fly out, F9 (Flyball, 9D, EV 96.9 MPH)
Batting: RHB Jeff McClellan 0-0: Ball
1-0: DOUBLE (Line Drive, 3D, EV 108.1 MPH)
Batting: RHB Mike Zern 0-0: Ground out 6-3 (Groundball, 6M, EV 83.8 MPH)
Jeff McClellan to third
Batting: RHB Bryan Massey 0-0: Ball
1-0: Ground out 5-3 (Groundball, 5, EV 92.5 MPH)
Top of the 4th over - 0 runs, 1 hit, 0 errors, 1 left on base; Charleston 0 - Hickory 2
BOTTOM OF THE 4TH
Hickory Crawdads batting - Pitching for Charleston RiverDogs : RHP Bobby McDonnell
Batting: RHB Aaron Graham 0-0: Called Strike
0-1: Called Strike
0-2: Ball
1-2: Ball
2-2: Strikes out swinging
Batting: RHB Jose Pineda 0-0: Ball
1-0: DOUBLE (Line Drive, 9LS, EV 105.0 MPH)
Batting: RHB Darnell Jones 0-0: Ball
1-0: Ball
2-0: Ground out 4-3 (Groundball, 34D, EV 106.9 MPH)
Jose Pineda to third
Batting: RHB Aaron Moore 0-0: Ball
1-0: Ground out 4-3 (Groundball, 4M, EV 103.1 MPH)
Bottom of the 4th over - 0 runs, 1 hit, 0 errors, 1 left on base; Charleston 0 - Hickory 2
TOP OF THE 5TH
Charleston RiverDogs batting - Pitching for Hickory Crawdads : LHP Cooper Bate
Batting: RHB Louwe Starmans 0-0: Ball
1-0: Foul Ball, location: 2F
1-1: Swinging Strike
1-2: Ground out 2-3 (Groundball, 2R, EV 63.1 MPH)
Batting: LHB Ernesto Abreu 0-0: Called Strike
0-1: Called Strike
0-2: Ball
1-2: Strikes out swinging
Batting: RHB Iften Olujimi 0-0: Called Strike
0-1: Foul Ball, location: 2F
0-2: Strikes out looking
Top of the 5th over - 0 runs, 0 hits, 0 errors, 0 left on base; Charleston 0 - Hickory 2
BOTTOM OF THE 5TH
Hickory Crawdads batting - Pitching for Charleston RiverDogs : RHP Bobby McDonnell
Batting: RHB Danny Murillo 0-0: Foul Ball, location: 2F
0-1: Swinging Strike
0-2: Ball
1-2: Ball
2-2: Strikes out swinging
Batting: RHB Dermott Neill 0-0: Ball
1-0: Foul Ball, location: 2F
1-1: Swinging Strike
1-2: Strikes out swinging
Batting: RHB Mike Thornton 0-0: Ball
1-0: Ball
2-0: Fly out, F9 (Flyball, 9D, EV 99.4 MPH)
Bottom of the 5th over - 0 runs, 0 hits, 0 errors, 0 left on base; Charleston 0 - Hickory 2
TOP OF THE 6TH
Charleston RiverDogs batting - Pitching for Hickory Crawdads : LHP Cooper Bate
Batting: RHB Francisco Vargas 0-0: Called Strike
0-1: SOLO HOME RUN (Flyball, 9D, EV 105.0 MPH), Distance : 411 ft
Batting: SHB Tadaaki Kondo 0-0: Ball
1-0: Called Strike
1-1: SINGLE (Line Drive, 8LS, EV 97.5 MPH)
DELAY Rain delay of 8 minutes in the 6th inning.
Batting: LHB Marc Durgin 0-0: Swinging Strike
0-1: Ball
1-1: Swinging Strike
1-2: Strikes out looking
Batting: RHB Jeff McClellan 0-0: Called Strike
0-1: Fly out, F8 (Flyball, 89D, EV 101.9 MPH)
Batting: RHB Mike Zern 0-0: Called Strike
0-1: Called Strike
0-2: Strikes out swinging
Top of the 6th over - 1 run, 2 hits, 0 errors, 1 left on base; Charleston 1 - Hickory 2
BOTTOM OF THE 6TH
Hickory Crawdads batting - Pitching for Charleston RiverDogs : RHP Bobby McDonnell
Pitching: RHP Greg Ritchie
Batting: SHB Todd Hewitt 0-0: Swinging Strike
0-1: Ball
1-1: Called Strike
1-2: Strikes out swinging
Batting: RHB Jorge Benites 0-0: Ball
1-0: Foul Ball, location: 2F
1-1: Ball
2-1: Called Strike
2-2: SINGLE (Groundball, 6M, EV 95.0 MPH)
Batting: RHB Aaron Graham 0-0: Ball
Jorge Benites is caught stealing 2nd base 2-4
1-0: Swinging Strike
1-1: Called Strike
1-2: Foul Ball, location: 2F
1-2: SOLO HOME RUN (Flyball, 78XD, EV 106.9 MPH), Distance : 442 ft
Batting: RHB Jose Pineda 0-0: Ball
1-0: Ball
2-0: Called Strike
2-1: Reached via error on a dropped throw from 3B, E3 (Groundball, 56S, EV 88.1 MPH)
Pitching: RHP Michel van Kampen
Batting: RHB Darnell Jones 0-0: Called Strike
Jose Pineda steals 2nd base
0-1: Ball
1-1: Called Strike
1-2: Ball
2-2: DOUBLE (Groundball, 5L, EV 108.8 MPH)
Jose Pineda scores
Batting: RHB Aaron Moore 0-0: Fly out, F6 (Line Drive, 6, EV 73.8 MPH)
Bottom of the 6th over - 2 runs, 3 hits, 1 error, 1 left on base; Charleston 1 - Hickory 4
TOP OF THE 7TH
Charleston RiverDogs batting - Pitching for Hickory Crawdads : LHP Cooper Bate
Batting: RHB Bryan Massey 0-0: Ball
1-0: DOUBLE (Line Drive, 7LD, EV 97.5 MPH)
Batting: RHB Louwe Starmans 0-0: Ball
1-0: Called Strike
1-1: Ball
2-1: Called Strike
2-2: Fly out, F9 (Flyball, 9LM, EV 93.1 MPH)
Runner from 2nd tags up, SAFE at 3rd with throw by RF
Batting: LHB Ernesto Abreu 0-0: Ball
1-0: Swinging Strike
1-1: Foul Ball, location: 2F
1-2: Foul Ball, location: 2F
1-2: Strikes out swinging
Batting: RHB Iften Olujimi 0-0: Ball
1-0: Ball
2-0: Called Strike
2-1: Foul Ball, location: 2F
2-2: Ground out 6-3 (Groundball, 6S, EV 83.1 MPH)
Top of the 7th over - 0 runs, 1 hit, 0 errors, 1 left on base; Charleston 1 - Hickory 4
BOTTOM OF THE 7TH
Hickory Crawdads batting - Pitching for Charleston RiverDogs : RHP Michel van Kampen
Pitching: RHP Khayyat bin Faruq
Batting: RHB Danny Murillo 0-0: Ball
1-0: Foul Ball, location: 2F
1-1: Ground out 4-3 (Groundball, 4D, EV 100.6 MPH)
Batting: RHB Dermott Neill 0-0: Ball
1-0: Foul Ball, location: 2F
1-1: Ball
2-1: Called Strike
2-2: Foul Ball, location: 2F
2-2: Foul Ball, location: 2F
2-2: Strikes out looking
Batting: RHB Mike Thornton 0-0: Called Strike
0-1: Swinging Strike
0-2: Strikes out looking
Bottom of the 7th over - 0 runs, 0 hits, 0 errors, 0 left on base; Charleston 1 - Hickory 4
TOP OF THE 8TH
Charleston RiverDogs batting - Pitching for Hickory Crawdads : LHP Cooper Bate
Batting: RHB Francisco Vargas 0-0: Foul Ball, location: 2F
0-1: DOUBLE (Flyball, 89D, EV 96.2 MPH)
Batting: SHB Tadaaki Kondo 0-0: Ball
1-0: Foul Ball, location: 2F
1-1: Foul Ball, location: 2F
1-2: Foul Ball, location: 2F
1-2: Ball
2-2: Ball
3-2: SINGLE (Line Drive, 9S, EV 104.4 MPH)
Francisco Vargas to third
Pinch Hitting: RHB Michael Patterson 0-0: Called Strike
0-1: Ball
1-1: Called Strike
1-2: Foul Ball, location: 2F
1-2: Ball
2-2: Foul Ball, location: 2F
2-2: Foul Ball, location: 2F
2-2: Ball
3-2: Strikes out swinging
Pitching: RHP Victor Benitez
Pinch Hitting: LHB Jeremiah Walker 0-0: Swinging Strike
0-1: Ball
1-1: Swinging Strike
1-2: Ball
2-2: Fielders Choice at 2nd, 4-6 (Groundball, 34, EV 87.5 MPH)
Francisco Vargas scores
Pinch Hitting: LHB Joe Vida 0-0: Ball
1-0: Ball
2-0: SINGLE (Groundball, 4MD, EV 101.2 MPH)
Jeremiah Walker to second
Pinch Hitting: LHB Andrew Davis 0-0: Ball
1-0: Called Strike
1-1: Ball
Wild Pitch!
Jeremiah Walker to third
Joe Vida to second
2-1: Foul Ball, location: 2F
2-2: Foul Ball, location: 2F
2-2: Strikes out swinging
Top of the 8th over - 1 run, 3 hits, 0 errors, 2 left on base; Charleston 2 - Hickory 4
BOTTOM OF THE 8TH
Hickory Crawdads batting - Pitching for Charleston RiverDogs : RHP Khayyat bin Faruq
Now at C: Bobby White
Now at 2B: Michael Patterson
Now at SS: Andrew Davis
Now in CF: John Sprenkel
Batting: SHB Todd Hewitt 0-0: Ball
1-0: Swinging Strike
1-1: SINGLE (Groundball, 4M, EV 94.4 MPH)
Batting: RHB Jorge Benites Pickoff Throw to First - Out! 1-3 CS
0-0: Called Strike
0-1: Swinging Strike
0-2: Ball
1-2: SINGLE (Groundball, 6MD, EV 103.8 MPH)
Batting: RHB Aaron Graham 0-0: Called Strike
Jorge Benites steals 2nd base
0-1: Swinging Strike
0-2: Ball
1-2: Strikes out swinging
Batting: RHB Jose Pineda 0-0: Ground out 4-3 (Groundball, 4S, EV 65.6 MPH)
Bottom of the 8th over - 0 runs, 2 hits, 0 errors, 1 left on base; Charleston 2 - Hickory 4
TOP OF THE 9TH
Charleston RiverDogs batting - Pitching for Hickory Crawdads : RHP Victor Benitez
Now at 1B: Aaron Graham
Now at 2B: Eduardo Chavez
Now in LF: Cesar Martinez
Batting: RHB Louwe Starmans 0-0: Ball
1-0: Called Strike
1-1: Foul Ball, location: 2F
1-2: Ball
2-2: Ball
3-2: Foul Ball, location: 2F
3-2: DOUBLE (Line Drive, 7LS, EV 92.5 MPH)
Batting: LHB Ernesto Abreu 0-0: Called Strike
0-1: Ball
1-1: SINGLE (Line Drive, 8LS, EV 106.2 MPH)
Louwe Starmans to third
Batting: RHB Iften Olujimi 0-0: Called Strike
0-1: Ball
1-1: Foul Ball, location: 2F
1-2: Ball
2-2: Ball
3-2: Foul Ball, location: 2F
3-2: Strikes out swinging
Batting: RHB Francisco Vargas 0-0: Foul Ball, location: 2F
0-1: Foul Ball, location: 2F
0-2: Ball
1-2: Ball
2-2: Ball
3-2: Grounds into double play, 6-4-3 (Groundball, 6, EV 89.4 MPH)
Top of the 9th over - 0 runs, 2 hits, 0 errors, 1 left on base; Charleston 2 - Hickory 4
Sunday, July 16th , 2023 - OOTP Baseball 24.6 Build 69